Map: Prion Terraces

Players

Grumm

  • Race: Protoss Protoss
  • League: Gold

BigDan - Winner!

  • Race: Protoss Protoss
  • League: Silver

VOD

Have the link to the VOD?

Description

Time

  • Played on: Feb. 17, 2016, 1:59 p.m.
  • Length: 6:53
Show
View Real Time Build Order
Export as new Build Order

Grumm Protoss 

Build Orders: 1 Gate Expand 

Get SALT Encoding   

  12  0:01  Probe (Chrono Boost)  
  13  0:11  Probe (Chrono Boost)  
  14  0:18  Pylon  
  14  0:25  Assimilator  
  14  0:27  Probe (Chrono Boost)  
  15  0:42  Gateway  
  15  0:44  Probe (Chrono Boost)  
  16  0:55  Probe (Chrono Boost)  
  17  1:05  Assimilator, Probe (Chrono Boost)  
  18  1:30  Nexus  
  18  1:45  Probe (Chrono Boost)  
  19  1:52  Cybernetics Core  
  19  2:00  Gateway  
  19  2:04  Probe (Chrono Boost)  
  20  2:18  Probe (Chrono Boost), Zealot  
  22  2:26  Pylon  
  22  2:42  Mothership Core (Chrono Boost)  
  22  2:43  Pylon  
  24  2:44  Warp Gate  
  24  2:52  Adept  
  26  3:02  Probe (Chrono Boost)  
  27  3:09  Probe (Chrono Boost)  
  27  3:12  Probe (Chrono Boost)  
  29  3:19  Pylon, Probe (Chrono Boost)  
  30  3:24  Stalker  
  30  3:25  Probe (Chrono Boost)  
  33  3:30  Probe (Chrono Boost)  
  34  3:37  Gateway  
  32  3:48  Robotics Facility, Probe (Chrono Boost)  
  33  3:52  Probe (Chrono Boost)  
  34  3:59  Probe (Chrono Boost)  
  34  4:01  Stalker  
  37  4:03  Stalker  
  41  4:10  Probe x2 (Chrono Boost)  
  41  4:15  Assimilator  
  41  4:20  Pylon, Probe (Chrono Boost)  
  41  4:21  Probe (Chrono Boost)  
  43  4:26  Pylon  
  43  4:35  Probe x2 (Chrono Boost)  
  49  4:45  Immortal  
  49  4:48  Probe x2 (Chrono Boost)  
  49  4:53  Forge  
  46  5:07  Stalker  
  46  5:08  Stalker  
  46  5:09  Stalker  
  46  5:12  Pylon  
  52  5:21  Probe x2 (Chrono Boost)  
  54  5:27  Photon Cannon  
  54  5:32  Probe x2 (Chrono Boost)  
  56  5:40  Photon Cannon  
  56  5:45  Probe x2 (Chrono Boost)  
  56  5:46  Observer  
  57  6:05  Probe (Chrono Boost)  
  57  6:10  Stalker x3  
  60  6:16  Probe x2 (Chrono Boost)  
  62  6:29  Gateway  
  62  6:31  Pylon  
  62  6:36  Probe x2 (Chrono Boost)  
  62  6:38  Pylon  
  65  6:48  Twilight Council  
Show
View Real Time Build Order
Export as new Build Order

BigDan Protoss - Winner!

Build Orders: Oracle Opening 

Get SALT Encoding   

  12  0:01  Probe (Chrono Boost)  
  13  0:11  Probe (Chrono Boost)  
  14  0:17  Pylon  
  14  0:22  Probe (Chrono Boost)  
  15  0:36  Probe (Chrono Boost)  
  15  0:38  Gateway  
  16  0:46  Probe (Chrono Boost)  
  16  0:48  Assimilator  
  17  0:53  Assimilator  
  17  0:57  Probe (Chrono Boost)  
  18  1:08  Probe (Chrono Boost)  
  19  1:19  Probe (Chrono Boost)  
  19  1:25  Cybernetics Core  
  20  1:30  Probe (Chrono Boost)  
  21  1:33  Pylon  
  21  1:35  Zealot  
  23  1:51  Probe (Chrono Boost)  
  24  2:01  Warp Gate  
  24  2:02  Probe (Chrono Boost)  
  25  2:13  Mothership Core (Chrono Boost)  
  27  2:16  Stargate  
  27  2:25  Stalker  
  29  2:45  Nexus  
  29  2:49  Pylon  
  29  3:07  Oracle (Chrono Boost)  
  29  3:10  Pylon  
  32  3:15  Forge  
  32  3:31  Zealot  
  34  3:34  Probe  
  34  3:38  Oracle (Chrono Boost)  
  38  3:46  Probe  
  39  3:55  Probe  
  39  3:58  Probe  
  41  4:03  Protoss Ground Weapons Level 1 (Chrono Boost)  
  41  4:05  Probe  
  42  4:16  Probe  
  42  4:18  Gateway  
  42  4:19  Gateway  
  43  4:26  Probe  
  43  4:27  Probe  
  45  4:35  Void Ray  
  49  4:38  Probe  
  49  4:42  Probe  
  51  4:50  Probe  
  52  4:52  Probe  
  53  5:10  Probe  
  54  5:18  Void Ray  
  54  5:20  Assimilator  
  58  5:22  Assimilator, Probe  
  58  5:23  Robotics Facility  
  58  5:24  Robotics Facility  
  59  5:33  Gateway  
  59  5:36  Gateway  
  53  6:19  Stalker  
  53  6:20  Stalker x2  
  59  6:33  Pylon  
  59  6:36  Pylon  
  59  6:45  Gateway  
  59  6:47  Gateway  
Tags
 
Add a new tag
Caveats
  • Supply blocks, unpowered buildings, or Contaminate may cause inaccurate times.
  • Supply counts are checked every 10 seconds.